 Dungeon Crawl Stone Soup version 0.30.0-29-ga12c61a403 (webtiles) character file.

Game seed: 14274043394579073372

49 Cheops the Digger (level 3, -1/27 HPs)
             Began as an Armataur Earth Elementalist on June 6, 2023.
             Slain by a cerulean imp
             ... wielding a +0 spear
             ... summoned by Natasha
              (2 damage)
             ... on level 3 of the Dungeon.
             The game lasted 00:03:58 (1273 turns).

Cheops the Digger (Armataur Earth Elementalist)     Turns: 1273, Time: 00:03:59

Health: -1/27      AC:  5    Str: 13    XL:     3   Next: 51%
Magic:  1/5        EV:  9    Int: 17    God:
Gold:   158        SH:  0    Dex: 10    Spells: 2/5 levels left

rFire   . . .        j - +2 hand axe (heavy)
rCold   . . .        (no shield)
rNeg    . . .        a - +0 robe
rPois   .            (no helmet)
rElec   .            (no cloak)
rCorr   .            f - +0 pair of gloves
SInv    .            (no barding)
Will    .....        (no amulet)
Stlth   ++           (no ring)
HPRegen 0.24/turn    (no ring)
MPRegen 0.09/turn

%: roll
@: no status effects
A: large, rugged brown scales 3, deformed body, armoured tail, roll, long
tongue, awkward tongue
a: no special abilities


You were on level 3 of the Dungeon.
You visited 1 branch of the dungeon, and saw 3 of its levels.

You collected 158 gold pieces.

Inventory:

Hand Weapons
 j - a +2 heavy hand axe (weapon)
Armour
 a - a +0 robe (worn)
 f - a +0 pair of gloves (worn)
Scrolls
 c - a scroll of magic mapping {unknown}
 e - 2 scrolls of identify {unknown}
 g - 3 scrolls of blinking {unknown}
 i - a scroll of noise {unknown}
 l - a scroll of fog {unknown}
 m - a scroll of immolation {unknown}
 n - a scroll of amnesia {unknown}
Potions
 b - a potion of magic
 d - 2 potions of might {unknown}
 h - a potion of brilliance {unknown}
 k - a potion of degeneration {unknown}
 o - a potion of resistance {unknown}


   Skills:
 - Level 1.3 Dodging
 + Level 3.2 Stealth
 - Level 1.7 Spellcasting
 - Level 0.8 Transmutations
 * Level 3.7 Earth Magic


You had 2 spell levels left.
You knew the following spells:

 Your Spells              Type           Power      Damage    Failure   Level
a - Sandblast             Erth           28%        2d8       4%          1
P - Passwall              Tmut/Erth      7%         N/A       12%         2

Your spell library contained the following spells:

 Spells                   Type           Power      Damage    Failure   Level
 Sting                    Tmut/Pois      8%         1d3       17%         1
 Magic Dart               Conj           4%         1d3       21%         1
 Poisonous Vapours        Pois/Air       2%         N/A       30%         2
 Searing Ray              Conj           2%         2d4       30%         2
 Stone Arrow              Conj/Erth      14%        3d7       28%         3
 Petrify                  Tmut/Erth      9%         N/A       58%         4
 Fulminant Prism          Conj/Hex       0%         3d5       89%         4
 Olgreb's Toxic Radiance  Pois           1%         N/A       89%         4


Dungeon Overview and Level Annotations

Branches:
Dungeon (3/15)

Altars:

Annotations:
D:3 Natasha


Innate Abilities, Weirdness & Mutations

You are completely covered in rugged brown scales. (AC +3, +7% HP)
Armour fits poorly on your strangely shaped body.
You have a long armoured tail.
You roll when moving toward enemies. (Rampage)
Your long tongue fully drains potion bottles. (2x potion effects)
Your tongue gives you trouble enunciating. (1.5x scroll delay)


Message History

Press: ? - help, Shift-Dir - straight line, f/p - Natasha
Aim: Natasha, carrying a wand of flame (22) (heavily wounded, 77% to hit)
The blast of sand hits Natasha!
Natasha is almost dead.
The cerulean imp barely misses you. Natasha casts a spell at you.
You resist with significant effort.
Casting: Sandblast (safe; 4% risk of failure)
Confirm with . or Enter, or press ? or * to list all spells.
Aiming: Sandblast (safe; 4% risk of failure)
Press: ? - help, Shift-Dir - straight line, f/p - Natasha
Aim: Natasha, carrying a wand of flame (22) (almost dead, 77% to hit)
The blast of sand hits Natasha.
Natasha is almost dead.
The cerulean imp barely misses you.
The cerulean imp hits you but does no damage.
Natasha casts a spell at you. The magic dart hits you!
The cerulean imp hits you but does no damage.
The cerulean imp closely misses you.
You barely miss Natasha.
Natasha is almost dead.
Natasha claws you but does no damage.
The cerulean imp hits you from afar with a +1 spear.
* * * LOW HITPOINT WARNING * * *
The cerulean imp barely misses you.
Natasha casts a spell.
The cerulean imp closely misses you.
The cerulean imp hits you from afar with a +1 spear.
* * * LOW HITPOINT WARNING * * *
You barely miss Natasha.
Your tail-slap misses Natasha.
Natasha is almost dead.
You closely miss the cerulean imp.
Natasha drinks a potion.
Natasha is healed!
The cerulean imp closely misses you. The cerulean imp barely misses you.
The cerulean imp hits you with a +2 spear.
* * * LOW HITPOINT WARNING * * *
Natasha claws you.
* * * LOW HITPOINT WARNING * * *
The cerulean imp hits you from afar with a +0 spear.
You die...

#........# ###
#........# ##..
#........# ##...
#........# #....
#........# #....
#....5.).# #....
#...5..5.### #....
#....h@....### #....
#........#...######....
#........#....>........
##########.............
#.............
#.............
##.########... #>..#
##... ###.#####....


You could see Natasha and 3 cerulean imps.

Vanquished Creatures
  2 adders
  A worm (D:2)
  2 endoplasms (D:2)
  A goblin (D:2)
  4 hobgoblins
  4 jackals (D:2)
  6 ball pythons
  A bat (D:2)
  A frilled lizard (D:1)
  2 kobolds (D:2)
  3 rats
27 creatures vanquished.

Notes
Turn   | Place    | Note
-------+----------+-------------------------------------------
     0 | D:1      | Cheops the Armataur Earth Elementalist began the quest for
                  | the Orb.
     0 | D:1      | Reached XP level 1. HP: 14/14 MP: 3/3
   214 | D:1      | You fall into a shaft and drop 1 floor!
   280 | D:2      | Reached XP level 2. HP: 18/21 MP: 0/4
   564 | D:2      | Reached XP level 3. HP: 27/27 MP: 0/5
  1195 | D:3      | Learned a level 2 spell: Passwall
  1263 | D:3      | Noticed Natasha
  1273 | D:3      | HP: 1/27 [Natasha (5)]
  1273 | D:3      | Slain by a cerulean imp

Illustrated notes

Levels and vault maps discovered:
D:1:      wander_arrival_lonely_grave, layout_basic
D:2:      layout_basic, grunt_decor_clamped
D:3:      layout_rooms, nicolae_overflow_hidden_temple, gup_sewer_entry_pipe,
          minmay_statues_item, nicolae_concentric_dashed_squares_mild,
          guppyfry_early_orc_mine, uniq_natasha

Skill      XL: |  1  2 |
---------------+-------+-----
Earth Magic    | 3 |  3.7
Stealth        | 3 |  3.2
Dodging        | |  1.3
Spellcasting   | |  1.7
Transmutations | |  0.8

Action                     || total
---------------------------++-------
  Melee: Unarmed           ||    13
         Tailslap          ||     1
         Hand axe          ||     5
   Cast: Sandblast         ||    46
 Armour: Robe              ||    25
  Dodge: Dodged            ||    29
